Map: King's Cove LE

Players

SideShow

  • Race: Zerg Zerg
  • League: Diamond
  • Spawn Location: 11:00

Amove - Winner!

  • Race: Zerg Zerg
  • League: Diamond
  • Spawn Location: 5:00

VOD

Have the link to the VOD?

Description

Time

  • Played on: May 4, 2019, 7:41 p.m.
  • Length: 12:19
Show
View Real Time Build Order
Export as new Build Order

SideShow Zerg 

Build Orders: Hatch First, Zergling Baneling 

Get SALT Encoding   

  12  0:01  Drone  
  13  0:13  Overlord  
  13  0:20  Drone  
  14  0:32  Drone x2  
  16  0:52  Hatchery  
  16  0:55  Drone  
  16  0:58  Drone  
  16  1:02  Drone  
  18  1:14  Extractor  
  17  1:19  Spawning Pool  
  17  1:23  Drone  
  18  1:25  Drone  
  18  1:30  Drone  
  19  1:41  Drone  
  20  1:50  Overlord  
  20  2:02  Drone  
  20  2:05  Queen x2  
  20  2:07  Zergling x2  
  26  2:13  Zergling x2  
  27  2:16  Zergling x2  
  28  2:33  Drone, Hatchery  
  28  2:35  Drone  
  29  2:44  Queen  
  29  2:50  Drone  
  32  2:52  Metabolic Boost  
  32  2:56  Drone  
  33  2:59  Drone  
  33  3:02  Drone  
  33  3:05  Drone  
  36  3:09  Overlord  
  36  3:18  Drone, Baneling Nest  
  36  3:27  Overlord  
  36  3:31  Overlord  
  36  3:32  Overlord  
  36  3:35  Zergling x2  
  36  3:37  Zergling x2  
  38  3:42  Zergling x2  
  38  3:46  Zergling x2  
  38  3:47  Zergling x2  
  41  3:50  Queen  
  43  3:56  Zergling x4  
  43  4:00  Zergling x4  
  47  4:03  Zergling x2  
  47  4:05  Zergling x2  
  47  4:07  Baneling x2  
  49  4:11  Drone x2  
  49  4:13  Zergling x2  
  52  4:18  Zergling x4  
  48  4:25  Zergling x2  
  48  4:29  Zergling x2  
  49  4:31  Baneling  
  49  4:32  Baneling x6  
  49  4:37  Zergling x2  
  49  4:38  Zergling x2  
  51  4:49  Drone x2  
  51  4:51  Extractor, Evolution Chamber  
  51  4:52  Extractor  
  50  4:55  Drone x2  
  50  4:56  Roach Warren  
  43  5:00  Zergling x2  
  43  5:01  Zergling x2  
  43  5:04  Zergling x2  
  43  5:05  Zergling x2  
  46  5:08  Zergling x2  
  46  5:09  Zergling x2  
  46  5:11  Zergling x2  
  50  5:14  Zergling x2  
  50  5:19  Drone x2  
  52  5:28  Drone x2  
  54  5:29  Drone  
  54  5:31  Drone  
  54  5:32  Drone x3  
  59  5:42  Zergling x8  
  48  5:50  Roach x2  
  48  5:51  Roach  
  48  5:53  Roach  
  48  5:55  Roach  
  55  5:58  Roach  
  57  6:08  Roach  
  57  6:15  Drone  
  57  6:16  Roach  
  57  6:17  Roach  
  60  6:19  Drone  
  60  6:20  Drone  
  60  6:22  Drone  
  60  6:24  Drone  
  64  6:26  Drone  
  64  6:32  Drone  
  66  6:38  Roach x2  
  66  6:39  Roach x2  
  73  6:41  Overlord  
  73  6:52  Zerg Missile Weapons Level 1  
  73  6:53  Lair  
  71  6:55  Roach  
  71  6:56  Roach  
  71  6:58  Overlord  
  74  7:03  Roach  
  74  7:04  Roach  
  74  7:06  Roach  
  74  7:08  Roach  
  82  7:11  Overlord  
  82  7:17  Drone x3  
  82  7:18  Drone  
  82  7:19  Drone  
  87  7:24  Pneumatized Carapace  
  87  7:31  Roach  
  87  7:32  Roach x2  
  87  7:34  Roach  
  87  7:35  Roach  
  97  7:43  Overlord x2  
  97  7:44  Overlord  
  97  7:49  Overlord  
  97  7:51  Overlord  
  97  7:54  Overlord  
  97  7:55  Glial Reconstitution  
  97  8:02  Ravager  
  97  8:03  Ravager x2  
  97  8:04  Ravager  
  101  8:07  Roach  
  103  8:14  Roach x2  
  103  8:15  Overlord x2  
  103  8:17  Roach  
  103  8:18  Drone  
  103  8:19  Drone x3  
  113  8:21  Drone  
  113  8:22  Drone, Extractor  
  113  8:24  Drone  
  113  8:25  Ravager  
  117  8:27  Drone  
  117  8:28  Drone  
  117  8:31  Drone x2  
  113  8:42  Roach x2  
  113  8:43  Roach  
  106  8:49  Roach x2  
  106  8:50  Roach  
  106  8:52  Roach x2  
  106  8:53  Roach  
  110  8:57  Roach  
  98  9:03  Roach  
  98  9:04  Roach  
  98  9:06  Roach  
  89  9:10  Roach  
  89  9:12  Roach  
  89  9:15  Roach  
  73  9:18  Roach  
  73  9:19  Drone x3  
  73  9:20  Drone  
  73  9:22  Drone  
  80  9:29  Drone x2  
  82  9:33  Drone  
  84  9:38  Ravager  
  84  9:40  Drone x2  
  84  9:44  Drone  
  87  9:50  Drone  
  86  9:54  Drone  
  86  9:58  Zerg Missile Weapons Level 2  
  86  9:59  Roach x2  
  91  10:04  Zergling x2  
  91  10:05  Zergling x2  
  91  10:07  Zergling x2  
  94  10:09  Ravager  
  94  10:10  Ravager  
  94  10:13  Drone  
  94  10:14  Drone x2  
  99  10:17  Drone x2  
  101  10:22  Drone  
  101  10:23  Drone  
  101  10:26  Drone x3  
  101  10:28  Drone  
  107  10:29  Drone  
  107  10:31  Drone  
  107  10:33  Drone  
  107  10:35  Ravager x2  
  112  10:37  Drone  
  112  10:38  Drone  
  112  10:41  Roach  
  115  10:48  Hydralisk Den  
  115  10:49  Extractor  
  112  10:50  Drone x3  
  112  10:51  Extractor  
  112  10:56  Drone x3  
  117  11:00  Drone x3  
  123  11:11  Roach x2  
  123  11:13  Roach  
  125  11:26  Roach, Lurker Den  
  125  11:27  Roach x4  
  125  11:30  Hatchery  
  125  11:31  Roach  
  135  11:33  Roach x2  
  135  11:39  Overseer  
  139  11:42  Drone x2  
  139  11:45  Roach  
  145  11:47  Roach  
  145  11:49  Overlord x2  
  145  11:55  Overlord x2  
  145  11:58  Overlord  
Show
View Real Time Build Order
Export as new Build Order

Amove Zerg - Winner!

Build Orders: Hatch First, Lurkers 

Get SALT Encoding   

  12  0:00  Drone  
  13  0:12  Overlord  
  13  0:18  Drone  
  14  0:32  Drone  
  14  0:33  Drone  
  16  0:52  Hatchery  
  16  0:55  Drone  
  16  0:58  Drone  
  16  1:02  Drone  
  18  1:10  Extractor  
  17  1:19  Spawning Pool  
  17  1:22  Drone  
  17  1:25  Drone  
  18  1:49  Drone  
  19  2:06  Queen x2  
  19  2:07  Zergling x4  
  25  2:08  Drone x2  
  25  2:13  Metabolic Boost  
  27  2:19  Overlord  
  27  2:30  Drone  
  28  2:37  Drone x3  
  28  2:40  Drone  
  32  2:46  Overlord  
  32  3:00  Zergling x4  
  34  3:12  Baneling Nest  
  33  3:14  Hatchery  
  32  3:20  Drone  
  32  3:21  Drone x3  
  32  3:22  Drone  
  37  3:32  Drone x4  
  41  3:35  Drone  
  41  3:37  Drone  
  43  3:49  Drone  
  43  3:50  Overlord  
  43  3:52  Overlord  
  44  3:59  Baneling  
  44  4:06  Baneling  
  44  4:10  Zergling x12  
  47  4:35  Baneling x3  
  47  4:37  Zergling x14  
  54  4:41  Queen  
  54  4:43  Drone  
  54  4:44  Overlord x2  
  56  5:02  Queen  
  54  5:13  Baneling x3  
  53  5:14  Drone  
  53  5:15  Drone x12  
  53  5:19  Roach Warren  
  53  5:20  Extractor  
  64  5:22  Extractor x2, Lair  
  64  5:26  Overlord x3  
  59  5:48  Baneling  
  60  6:04  Roach x9  
  74  6:42  Roach x8  
  74  6:44  Overlord  
  74  6:45  Overlord x3  
  90  6:53  Baneling x4  
  90  6:59  Glial Reconstitution  
  90  7:20  Evolution Chamber  
  90  7:21  Evolution Chamber  
  88  7:24  Drone x8  
  96  7:34  Ravager x2  
  96  7:35  Ravager x3  
  101  7:42  Hatchery  
  100  7:58  Zergling x30  
  115  8:17  Zergling x16  
  123  8:25  Zerg Missile Weapons Level 1, Zerg Ground Armor Level 1  
  123  8:32  Hydralisk Den  
  71  9:21  Roach x3  
  71  9:22  Roach x12  
  88  9:28  Roach x4  
  88  9:29  Roach x2  
  100  9:35  Muscular Augments  
  100  9:38  Lurker Den  
  99  9:41  Roach  
  99  9:42  Roach x4  
  109  10:03  Hydralisk x7  
  123  10:07  Overlord x8  
  123  10:10  Extractor x2  
  121  10:20  Hatchery  
  120  10:27  Roach  
  120  10:28  Roach x10  
  142  10:36  Spore Crawler  
  142  10:37  Spore Crawler  
  142  10:40  Spore Crawler  
  139  11:23  Infestation Pit  
  139  11:24  Lurker x2  
  139  11:25  Lurker x5  
  145  11:27  Zergling x28  
  145  11:28  Zergling x24  
  171  11:37  Overlord  
  171  11:38  Overlord x4  
  171  11:40  Queen  
  171  11:43  Drone x5  
  178  11:54  Hydralisk x5  
Tags
 
Add a new tag
Caveats
  • Supply blocks, unpowered buildings, or Contaminate may cause inaccurate times.
  • Supply counts are checked every 10 seconds.